 Dungeon Crawl Stone Soup version 0.29-a0-323-g050149af67 (webtiles) character file.

Game seed: 13581694767996216504

5581 KateM the Basher (level 10, -9/88 HPs)
             Began as a Minotaur Fighter on Apr 12, 2022.
             Was a Priest of Okawaru.
             Mangled by a boulder beetle (22 damage)
             ... on level 9 of the Dungeon.
             The game lasted 00:14:27 (8556 turns).

KateM the Basher (Minotaur Fighter)                 Turns: 8556, Time: 00:14:27

Health: -9/88      AC:  9    Str: 25    XL:     10   Next: 44%
Magic:  9/9        EV: 10    Int:  7    God:    Okawaru [***...]
Gold:   618        SH:  5    Dex: 14    Spells: 9/9 levels left

rFire   . . .      SeeInvis .   m - +9 mace of Doom {flame, Contam rPois Int+2 Dex+4}
rCold   . . .      Faith    .   c - +0 buckler
rNeg    . . .      Spirit   .   G - +0 acid dragon scales
rPois   +          Reflect  .   (helmet restricted)
rElec   .          Harm     .   (no cloak)
rCorr   +          Rampage  .   k - +0 pair of gloves
Will    .....                   (no boots)
Stlth   +.........              q - amulet of regeneration
HPRegen 1.04/turn               (no ring)
MPRegen 0.11/turn               (no ring)

@: studying 2 skills
A: horns 2, retaliatory headbutt, mutation resistance 1, screaming 1
a: Renounce Religion, Heroism


You were on level 9 of the Dungeon.
You worshipped Okawaru.
Okawaru was most pleased with you.
You visited 2 branches of the dungeon, and saw 10 of its levels.

You collected 618 gold pieces.

Inventory:

Hand Weapons
 l - the +3 mace "Ceddyso" {flame, rElec rF++ Str+4}
   (You found it on level 2 of the Dungeon)

   It burns those it strikes, dealing additional fire damage.
   Str:       It affects your strength (+4).
   rF:        It greatly protects you from fire.
   rElec:     It insulates you from electricity.
 m - the +9 mace of Doom (weapon) {flame, Contam rPois Int+2 Dex+4}
   (You found it on level 2 of the Dungeon)

   It burns those it strikes, dealing additional fire damage.
   Int:       It affects your intelligence (+2).
   Dex:       It affects your dexterity (+4).
   rPois:     It protects you from poison.
   Contam:    It causes magical contamination when unequipped.
Armour
 c - a +0 buckler (worn)
 k - a +0 pair of gloves (worn)
 G - +0 acid dragon scales (worn)
Magical Staves
 w - a staff of earth
Jewellery
 q - an amulet of regeneration (around neck)
 r - a ring of protection from cold
 u - an amulet of faith
Wands
 s - a wand of paralysis (27)
 t - a wand of digging (4)
 D - a wand of mindburst (10)
 E - a wand of flame (31)
Scrolls
 a - a scroll of blinking {unknown}
 b - 3 scrolls of identify
 e - a scroll of fog
 i - 2 scrolls of enchant weapon
 j - 2 scrolls of immolation {unknown}
 p - 6 scrolls of teleportation
 y - 5 scrolls of amnesia
 A - a scroll of fear
 F - 2 scrolls of magic mapping
Potions
 d - 3 potions of might
 f - a potion of heal wounds {unknown}
 g - 4 potions of flight
 h - a potion of haste
 n - 2 potions of lignification
 o - a potion of resistance {unknown}
 v - 3 potions of degeneration
 z - a potion of brilliance
 C - 5 potions of curing


   Skills:
 + Level 7.7 Fighting
 - Level 3.4(10.2) Axes
 * Level 14.8(15.0) Maces & Flails
 + Level 9.0 Armour
 - Level 0.4 Dodging
 - Level 3.6 Shields


You had 9 spell levels left.
You didn't know any spells.
Your spell library contained the following spells:

 Spells                   Type           Power      Damage    Failure   Level
 Foxfire                  Conj/Fire      0%         2x1d4     58%         1
 Pain                     Necr           0%         1d4       58%         1
 Slow                     Hex            0%         N/A       58%         1
 Sting                    Tmut/Pois      0%         1d3       58%         1
 Poisonous Vapours        Pois/Air       0%         N/A       73%         2
 Scorch                   Fire           0%         2d5       73%         2
 Static Discharge         Conj/Air       0%         N/A       73%         2
 Confusing Touch          Hex            0%         N/A       91%         3
 Portal Projectile        Hex/Tloc       0%         N/A       91%         3
 Vampiric Draining        Necr           0%         2d6       91%         3
 Dispel Undead            Necr           0%         3d6       100%        4
 Leda's Liquefaction      Hex/Erth       0%         N/A       100%        4
 Olgreb's Toxic Radiance  Pois           0%         N/A       100%        4
 Sticky Flame             Conj/Fire      0%         2d3       100%        4
 Blade Hands              Tmut           0%         N/A       100%        5
 Excruciating Wounds      Necr           0%         N/A       100%        5
 Fireball                 Conj/Fire      0%         3d3       100%        5
 Animate Skeleton         Necr           Unusable   N/A       N/A         1
 Call Canine Familiar     Summ           Unusable   N/A       N/A         3

Dungeon Overview and Level Annotations

Branches:
Dungeon (9/15)             Temple (1/1) D:5             Orc (0/2) D:9
   Lair: D:8-11

Altars:
Ashenzari
Cheibriados
Dithmenos
Elyvilon
Fedhas
Gozag
Hepliaklqana
Makhleb
Nemelex Xobeh
Okawaru
Qazlal
Ru
Sif Muna
Trog
Uskayaw
Vehumet
Wu Jian
Xom
Yredelemnul
Zin
The Shining One

Shops:
D:4 *


Innate Abilities, Weirdness & Mutations

You have a pair of horns on your head.
You reflexively headbutt those who attack you in melee.
You are somewhat resistant to further mutation.
You occasionally shout uncontrollably at your foes.


Message History

There is an escape hatch in the ceiling here.
Key pressed, stopping explore.
You open the door.
A boulder beetle comes into view.
There is an open door here.
A boulder beetle is nearby!
A boulder beetle is nearby!
Found a great sword and 13 gold pieces.
A boulder beetle is nearby!
You sock the boulder beetle! You burn the boulder beetle.
The boulder beetle is lightly wounded.
The boulder beetle leaps!
The boulder beetle curls into a ball and begins rolling!
A slime creature and a wizard come into view.
The wizard is wielding a +0 dagger and wearing a +2 robe of positive energy.
The slime creature quivers.
The wizard shouts!
You hear a shout! x2
You sock the boulder beetle! You burn the boulder beetle.
The boulder beetle is moderately wounded.
The boulder beetle hits you!!!
The boulder beetle stops rolling and uncurls.
You hear a shout!
You hit the boulder beetle but do no damage.
You headbutt the boulder beetle, but do no damage.
The boulder beetle is moderately wounded.
A centaur warrior comes into view.
You block the boulder beetle's attack.
The boulder beetle attacks as you move away!
The boulder beetle bites you.
The boulder beetle attacks as you move away!
You block the boulder beetle's attack.
A centaur comes into view.
The boulder beetle curls into a ball and begins rolling!
The boulder beetle hits you!!!
Ouch! That really hurt!
* * * LOW HITPOINT WARNING * * *
The boulder beetle stops rolling and uncurls.
There is an open door, spattered with blood here.
You feel better. The boulder beetle bites you!!
You die...

###### ..... ....
#..## ###..#
#!##.### #.@....##
##B##.#..##
####.°.####..##
#$.......)##..##
####...######..####
##.## ##....##
##.... #p#
#......## ..... ..c
##.#....# .#..
..... ####...#


You could see a boulder beetle and a wizard.

Vanquished Creatures
  A manticore (D:9)
  A cyclops (D:8)
  Sigmund (D:3)
  A wyvern (D:8)
  A wraith (D:8)
  A yak (D:6)
  A steam dragon (D:9)
  A warg (D:9)
  An acid dragon (D:6)
  4 orc warriors
  An ice beast (D:7)
  2 black bears
  An ogre (D:4)
  5 phantoms
  4 centaurs
  3 kobold brigands
  Blork the orc (D:6)
  4 bullfrogs
  A gnoll sergeant (D:7)
  4 scorpions
  7 wights
  5 killer bees (D:7)
  A howler monkey (D:4)
  2 hounds
  A jelly (D:5)
  Crazy Yiuf (D:2)
  4 orc priests
  A gnoll shaman (D:5)
  Terence (D:2)
  4 iguanas
  Ijyb (D:5)
  8 orc wizards
  Robin (D:3)
  9 gnolls
  11 adders
  A shadow imp (D:6)
  2 white imps (D:8)
  3 ufetubi
  2 worms
  2 dart slugs
  29 orcs
  3 ball pythons
  3 bats
  10 endoplasms
  3 giant cockroaches (D:1)
  19 goblins
  14 hobgoblins
  7 jackals
  23 kobolds
  2 quokkas (D:2)
  A frilled lizard (D:3)
  4 rats
224 creatures vanquished.

Notes
Turn   | Place    | Note
-------+----------+-------------------------------------------
     0 | D:1      | KateM the Minotaur Fighter began the quest for the Orb.
     0 | D:1      | Reached XP level 1. HP: 19/19 MP: 0/0
   273 | D:1      | Reached XP level 2. HP: 22/27 MP: 1/1
   851 | D:1      | Reached XP level 3. HP: 30/33 MP: 2/2
  1191 | D:1      | Found a faded altar of an unknown god.
  1196 | D:1      | Got Netom's Compendium of Heat
  1287 | D:2      | Identified the +3 mace "Ceddyso" {flame, rElec rF++ Str+4}
  1290 | D:2      | Found a runed translucent door.
  1290 | D:2      | Noticed Terence
  1291 | D:2      | Noticed Crazy Yiuf
  1294 | D:2      | Killed Terence
  1295 | D:2      | Reached skill level 1 in Maces & Flails
  1381 | D:2      | Killed Crazy Yiuf
  1382 | D:2      | Reached XP level 4. HP: 23/41 MP: 3/3
  1383 | D:2      | Identified the +9 mace of Doom {flame, Contam rPois Int+2
                  | Dex+4}
  1782 | D:2      | Reached skill level 2 in Maces & Flails
  2387 | D:3      | Reached XP level 5. HP: 40/47 MP: 4/4
  2443 | D:3      | Noticed Sigmund
  2449 | D:3      | Killed Sigmund
  2450 | D:3      | Reached skill level 4 in Maces & Flails
  2450 | D:3      | Reached skill level 5 in Armour
  2450 | D:3      | Reached XP level 6. HP: 40/55 MP: 5/5
  2789 | D:3      | Noticed Robin
  2792 | D:3      | Reached skill level 5 in Maces & Flails
  2822 | D:3      | Killed Robin
  3543 | D:4      | Reached skill level 6 in Maces & Flails
  3543 | D:4      | Reached XP level 7. HP: 57/60 MP: 6/6
  3559 | D:4      | Reached skill level 5 in Fighting
  3641 | D:4      | Found Gopenter's Fire Supplies.
  3758 | D:4      | Reached skill level 7 in Maces & Flails
  4099 | D:4      | Reached skill level 8 in Maces & Flails
  4099 | D:4      | Reached XP level 8. HP: 69/69 MP: 7/7
  4291 | D:5      | Entered Level 5 of the Dungeon
  4348 | D:5      | Found a staircase to the Ecumenical Temple.
  4358 | D:5      | Noticed Ijyb
  4365 | D:5      | Killed Ijyb
  4412 | Temple   | Entered the Ecumenical Temple
  4469 | Temple   | Became a worshipper of Warmaster Okawaru
  4796 | D:5      | Reached skill level 9 in Maces & Flails
  5361 | D:6      | Noticed Blork the orc
  5370 | D:6      | Killed Blork the orc
  5371 | D:6      | Reached skill level 10 in Maces & Flails
  5713 | D:6      | Reached * piety under Okawaru
  5714 | D:6      | Reached XP level 9. HP: 73/75 MP: 8/8
  5725 | D:6      | Reached skill level 11 in Maces & Flails
  5904 | D:6      | Gained mutation: You occasionally shout uncontrollably at
                  | your foes. [potion of mutation]
  5904 | D:6      | Gained mutation: You are somewhat resistant to further
                  | mutation. [potion of mutation]
  6719 | D:7      | Reached skill level 12 in Maces & Flails
  7312 | D:8      | Reached ** piety under Okawaru
  7437 | D:8      | Reached skill level 13 in Maces & Flails
  7712 | D:8      | Noticed a cyclops
  7720 | D:8      | Killed a cyclops
  7721 | D:8      | Reached XP level 10. HP: 77/86 MP: 9/9
  8051 | D:9      | Reached *** piety under Okawaru
  8061 | D:9      | Reached skill level 14 in Maces & Flails
  8165 | D:9      | Noticed a manticore
  8176 | D:9      | Killed a manticore
  8367 | D:9      | Found a staircase to the Orcish Mines.
  8542 | D:9      | Noticed a boulder beetle
  8548 | D:9      | Noticed a wizard
  8550 | D:9      | Noticed a centaur warrior
  8555 | D:9      | HP: 3/88 [boulder beetle (44)]
  8556 | D:9      | Mangled by a boulder beetle

Illustrated notes

Levels and vault maps discovered:
D:1:      dpeg_arrival_more_subterranean_lakeside_camping, layout_basic,
          dreamdust_ecumenical_altar_hidden_monk_grotto
D:2:      layout_basic, minmay_tiny_reverse_x, uniq_crazy_yiuf_cottage,
          uniq_terence
D:3:      layout_loops_ring, uniq_robin, uniq_sigmund
D:4:      layout_loops_ring, nicolae_shop_fire_sale [nicolae_sub_dead_trees],
          minmay_quadrilaterals
D:5:      layout_basic, minmay_temple_entry_arrows, uniq_ijyb
D:6:      layout_loops_cross, minmay_manual_macuahuitl, uniq_blork_the_orc
D:7:      layout_layer_cave, minmay_misc_feat_square, minmay_diced_spiral
D:8:      layout_loops_corners, minmay_manual_mares
D:9:      layout_small_grid, david_orc_3, st_stairs_5,
          minmay_fractal_squares_gapless_7
Temple:   mainiacjoe_temple_trianglar_array

Skill      XL: |  1  2  3  4  5  6  7  8  9 10 |
---------------+-------------------------------+-----
Armour         | 4 5 6 7 8 9 |  9.0
Fighting       | 4 5 6 7 |  7.7
Axes           | 3 |  3.4
Maces & Flails | 1 2 4 6 8 10 13 14 | 14.8
Dodging        | |  0.4
Shields        | |  3.6

Action                   |  1- 3 |  4- 6 |  7- 9 | 10-12 || total
-------------------------+-------+-------+-------+-------++-------
Melee: War axe           |    56 |       |       |       ||    56
       Headbutt          |     7 |    12 |    35 |    13 ||    67
       Mace              |     5 |    89 |   242 |    66 ||   402
  Use: Scroll            |       |       |    10 |       ||    10
       Potion            |       |       |     6 |     1 ||     7
Armor: Scale mail        |    33 |    34 |    50 |       ||   117
       Acid dragon scale |       |       |    31 |    28 ||    59
Dodge: Dodged            |    27 |    31 |   112 |    14 ||   184
Block: Buckler           |    12 |    18 |    42 |    13 ||    85

Table legend: (Time is in decaauts)
 A = Elapsed time spent in this place.
 B = Non-inter-level travel time spent in this place.
 C = Inter-level travel time spent in this place.
 D = Time resting spent in this place.
 E = Time spent auto-exploring this place.
 F = Levels seen in this place.
 G = Mean time per level.
                   A        B        C        D        E       F      G
               +--------+--------+--------+--------+--------+-----+--------+
         Total |   8564 |   8564 |      0 |    895 |   6189 |  10 |  856.4 |
       Dungeon |   8191 |   8191 |      0 |    895 |   5862 |   9 |  910.1 |
        Temple |    372 |    372 |      0 |      0 |    327 |   1 |  372.0 |
               +--------+--------+--------+--------+--------+-----+--------+

Top non-repeatable levels by time:
     D:1: 1296 daAuts
     D:3: 1165 daAuts
     D:2: 1044 daAuts
     D:7: 947 daAuts
     D:6: 946 daAuts
     D:8: 925 daAuts
     D:4: 830 daAuts
     D:9: 558 daAuts
     D:5: 477 daAuts
  Temple: 372 daAuts
